 Dungeon Crawl Stone Soup version 0.23.2-40-g277498a001 (webtiles) character file.

Game seed: 3453296727079373019

8995 Exodus22XD the Cleaver (level 11, -3/99 HPs)
             Began as a Minotaur Berserker on Sept 6, 2019.
             Was a High Priest of Trog.
             Slain by a crocodile (12 damage)
             ... on level 3 of the Lair of Beasts.
             The game lasted 00:16:16 (9061 turns).

Exodus22XD the Cleaver (Minotaur Berserker)         Turns: 9061, Time: 00:16:17

Health: -3/99      AC:  8    Str: 25    XL:     11   Next: 17%
Magic:  10/10      EV: 11    Int:  4    God:    Trog [*****.]
Gold:   736        SH:  0    Dex: 10    Spells: 10/10 levels left

rFire    x . .     SeeInvis .   K - +0 battleaxe
rCold    + . .     Gourm    +   (shield currently unavailable)
rNeg     . . .     Faith    .   r - +0 chain mail (curse)
rPois    .         Spirit   .   (helmet restricted)
rElec    .         Reflect  .   M - +0 cloak (curse)
rCorr    .         Harm     .   e - +0 pair of gloves
MR       +....                  f - +0 pair of boots
Stlth    ..........             i - amulet of the gourmand
HPRegen  0.26/turn              C - ring of protection from magic
MPRegen  0.12/turn              B - ring of ice

@: corroded, berserk cooldown, slowed, very slow
A: retaliatory headbutt, horns 2
a: Berserk, Trog's Hand, Brothers in Arms, Renounce Religion


You were on level 3 of the Lair of Beasts.
You worshipped Trog.
Trog was extremely pleased with you.
You were very full.

You visited 2 branches of the dungeon, and saw 11 of its levels.
You also visited: Sewer.

You collected 736 gold pieces.

Inventory:

Hand Weapons
 a - a +2 hand axe of electrocution
 E - a +0 broad axe
 F - the +3 mace of Yeast {venom, +Blink rN+}
   (You found it on level 7 of the Dungeon)

   It poisons the flesh of those it strikes.
   It protects you from negative energy.
   It lets you blink.
 K - a +0 battleaxe (weapon)
Armour
 e - a +0 pair of gloves (worn)
 f - a +0 pair of boots (worn)
 r - a cursed +0 chain mail (worn)
 M - a cursed +0 cloak (worn)
Jewellery
 i - an amulet of the gourmand (around neck)
 k - an uncursed ring of fire
 B - a ring of ice (right hand)
 C - a ring of protection from magic (left hand)
Wands
 q - a wand of disintegration (12)
 G - a wand of acid (6)
 I - a wand of enslavement (4)
 J - a wand of polymorph (6)
 L - a wand of paralysis (6)
 O - a wand of random effects (17)
Scrolls
 d - 6 scrolls of teleportation
 h - 3 scrolls of immolation
 j - 3 scrolls of remove curse
 l - a scroll of amnesia {unknown}
 n - 2 scrolls of fear {unknown}
 p - 4 scrolls of magic mapping
 s - 3 scrolls of random uselessness {unknown}
 v - 5 scrolls of fog
 w - a scroll of blinking {unknown}
 y - a scroll of enchant armour {unknown}
Potions
 b - 2 potions of degeneration
 g - a potion of ambrosia {unknown}
 m - 3 potions of flight
 o - 5 potions of might
 t - a potion of berserk rage
 u - 2 potions of curing
 x - a potion of heal wounds {unknown}
 z - a potion of cancellation {unknown}
 A - a potion of magic {unknown}
 D - a potion of brilliance {unknown}
 H - a potion of lignification {unknown}
 N - a potion of haste {unknown}
Comestibles
 c - 25 rations


   Skills:
 + Level 9.9 Fighting
 + Level 13.6(13.7) Axes
 + Level 2.6(9.4) Maces & Flails
 + Level 11.1 Armour
 + Level 5.6 Dodging
 - Level 0.6 Stealth


You had 10 spell levels left.
You didn't know any spells.
Your spell library was empty.

Dungeon Overview and Level Annotations

Branches:
Dungeon (8/15)             Temple (0/1) D:4            Lair (3/6) D:8
  Swamp: Lair:2-4    Shoals: Lair:2-4     Snake: Lair:2-4    Spider: Lair:2-4

Altars:
Fedhas

Annotations:
D:6 3 runed translucent doors, NeAGen181's ghost, novice HOMo


Innate Abilities, Weirdness & Mutations

You reflexively headbutt those who attack you in melee.
You have a pair of horns on your head.


Message History

You feel the power of Trog in you as your rage grows.
You destroy the oklob plant!
Trog accepts your kill.
You feel a strong urge to attack something.
A crocodile comes into view.
You feel your anger nearly subside.
You are no longer berserk.
You are exhausted.
You feel yourself slow down.
You feel better.
You hit the crocodile but do no damage. Your headbutt misses the crocodile.
The crocodile closely misses you. You furiously retaliate!
You headbutt the crocodile, but do no damage.
The crocodile bites you.
* * * LOW HITPOINT WARNING * * *
You hit the crocodile but do no damage. The crocodile bites you!
* * * LOW HITPOINT WARNING * * *
You slash the crocodile!
The crocodile is heavily wounded.
The crocodile bites you!
You die...

..........####
...........##P#
..............#
.............###
#...........#.#
##...........##
.##.#...........# ######
#...............###.#..#
.......@................
.......t................
........................
.............#..........
............P#..........
........................
........................
................†.......
......................


You could see a crocodile.

Vanquished Creatures
  Harold (D:8)
  Pikel (D:5)
  An oklob plant (Lair:3)
  5 spiny frogs
  A rime drake (Lair:1)
  2 komodo dragons
  Prince Ribbit (D:8)
  A hippogriff (D:7)
  6 yaks (Lair:2)
  2 wyverns
  Grum (D:8)
  A hungry ghost (D:7)
  3 water moccasins
  2 porcupines (Lair:2)
  An orc warrior (D:7)
  An ice beast (D:5)
  2 ogres (D:8)
  A sky beast (D:5)
  A phantom (D:6)
  A necrophage (D:7)
  2 wolves (D:8)
  2 centaurs (D:8)
  2 crocodiles (Lair:1)
  8 bullfrogs
  5 wights (D:6)
  5 howler monkeys
  2 crimson imps
  Crazy Yiuf (D:7)
  An orc priest (D:6)
  A centaur skeleton (D:6)
  A jelly (D:8)
  2 iguanas
  An orc wizard (D:7)
  9 hell rats (Lair:1)
  2 worker ants
  A killer bee zombie (D:7)
  A hound skeleton (D:4)
  A worker ant zombie (D:7)
  3 gnolls (D:8)
  A howler monkey skeleton (D:5)
  19 river rats
  8 adders
  2 shadow imps
  2 adder zombies (D:5)
  A worm (D:3)
  A dart slug (D:1)
  12 leopard geckos
  21 orcs
  3 ball pythons
  5 bats
  13 giant cockroaches
  3 goblins
  4 hobgoblins
  7 jackals
  9 quokkas
  15 frilled lizards
  A jackal skeleton (D:8)
  5 kobolds
  A quokka zombie (D:6)
  30 rats
248 creatures vanquished.

Vanquished Creatures (others)
  A fungus (Lair:2)
1 creature vanquished.

Grand Total: 249 creatures vanquished

Notes
Turn   | Place    | Note
-------+----------+-------------------------------------------
     0 | D:1      | Exodus22XD the Minotaur Berserker began the quest for the
                  | Orb.
     0 | D:1      | Reached XP level 1. HP: 19/19 MP: 0/0
   302 | D:1      | Reached XP level 2. HP: 23/27 MP: 1/1
   364 | D:1      | Reached skill level 4 in Axes
   754 | D:2      | Found a blossoming altar of Fedhas.
   806 | D:2      | Reached XP level 3. HP: 33/33 MP: 2/2
   813 | D:2      | Reached ** piety under Trog
  1364 | D:3      | Found a faded altar of an unknown god.
  1374 | D:3      | Reached XP level 4. HP: 36/41 MP: 3/3
  2027 | D:4      | Found a staircase to the Ecumenical Temple.
  2139 | D:4      | Reached skill level 5 in Axes
  2139 | D:4      | Reached XP level 5. HP: 47/47 MP: 4/4
  2949 | D:5      | Entered Level 5 of the Dungeon
  3008 | D:5      | Reached XP level 6. HP: 53/55 MP: 5/5
  3039 | D:5      | Noticed a slave
  3040 | D:5      | Noticed a slave
  3040 | D:5      | Noticed a slave
  3040 | D:5      | Noticed a slave
  3041 | D:5      | Noticed Pikel
  3063 | D:5      | Killed Pikel
  3063 | D:5      | Reached skill level 5 in Fighting
  3063 | D:5      | Reached skill level 7 in Axes
  3063 | D:5      | Reached skill level 5 in Armour
  3063 | D:5      | Reached XP level 7. HP: 55/61 MP: 6/6
  3257 | D:5      | Found a glowing drain.
  3277 | D:5      | Reached *** piety under Trog
  3285 | Sewer    | Entered a sewer
  3734 | D:5      | Reached skill level 8 in Axes
  4011 | D:6      | Reached XP level 8. HP: 64/70 MP: 7/7
  4218 | D:6      | Reached **** piety under Trog
  4255 | D:6      | Reached skill level 9 in Axes
  4642 | D:6      | Reached skill level 10 in Axes
  4723 | D:6      | Found a runed translucent gate.
  4723 | D:6      | Found a runed translucent gate.
  4725 | D:6      | Found a runed translucent gate.
  4726 | D:6      | Noticed NeAGen181's ghost (novice HOMo)
  4915 | D:7      | Reached XP level 9. HP: 78/78 MP: 8/8
  5117 | D:7      | Found a runed translucent door.
  5118 | D:7      | Noticed Crazy Yiuf
  5138 | D:7      | Killed Crazy Yiuf
  5144 | D:7      | Got a warped mace
  5145 | D:7      | Identified the +3 mace of Yeast {venom, +Blink rN+} (You
                  | found it on level 7 of the Dungeon)
  5582 | D:8      | Reached skill level 11 in Axes
  5582 | D:8      | Reached skill level 1 in Maces & Flails
  5661 | D:8      | Noticed Prince Ribbit
  5671 | D:8      | Reached skill level 5 in Dodging
  5675 | D:8      | Killed Prince Ribbit
  5845 | D:8      | Noticed Grum
  5867 | D:8      | Killed Grum
  5908 | D:8      | Noticed Harold
  5923 | D:8      | Killed Harold
  5923 | D:8      | Reached XP level 10. HP: 83/89 MP: 9/9
  5929 | D:8      | Reached ***** piety under Trog
  5930 | D:8      | Found a staircase to the Lair.
  6482 | Lair:1   | Entered Level 1 of the Lair of Beasts
  6501 | Lair:1   | Noticed a spiny frog
  6507 | Lair:1   | Killed a spiny frog
  6714 | Lair:1   | Reached skill level 12 in Axes
  6774 | Lair:1   | Reached skill level 10 in Armour
  6792 | Lair:1   | Noticed a spiny frog
  6800 | Lair:1   | Killed a spiny frog
  7124 | Lair:1   | HP: 4/91 [river rat (3)]
  7595 | Lair:1   | Noticed a spiny frog
  7599 | Lair:1   | Killed a spiny frog
  8545 | Lair:2   | Reached skill level 13 in Axes
  8554 | Lair:2   | Reached XP level 11. HP: 41/99 MP: 10/10
  9043 | Lair:3   | Noticed an oklob plant
  9053 | Lair:3   | Killed an oklob plant
  9061 | Lair:3   | Slain by a crocodile

Skill      XL: |  1  2  3  4  5  6  7  8  9 10 11 |
---------------+----------------------------------+-----
Axes           | 4 5 7 8 10 11 13 | 13.6
Fighting       | 4 5 6 8 9 |  9.9
Armour         | 3 4 5 6 7 9 10 11 | 11.1
Dodging        | 3 4 5 |  5.6
Maces & Flails | 2 |  2.6
Stealth        | |  0.6

Action                   |  1- 3 |  4- 6 |  7- 9 | 10-12 || total
-------------------------+-------+-------+-------+-------++-------
Melee: Hand axe          |   114 |    92 |   331 |    11 ||   548
       Headbutt          |    14 |    14 |    69 |    45 ||   142
       Mace              |       |       |    22 |       ||    22
       Battleaxe         |       |       |       |   169 ||   169
Invok: Berserk           |       |     1 |     3 |     2 ||     6
  Use: Scroll            |       |       |       |    11 ||    11
       Potion            |       |       |       |     2 ||     2
  Eat: Chunk             |     5 |     6 |    26 |    11 ||    48
       Ration            |       |       |     1 |       ||     1
Armor: Scale mail        |    55 |    16 |       |       ||    71
       Chain mail        |       |    36 |   196 |    75 ||   307
Dodge: Dodged            |    61 |    47 |   157 |   105 ||   370
